 Dungeon Crawl Stone Soup version 0.30-b1-2-g02819fbbbe (webtiles) character file.

Game seed: 16457290636630083627

95 Gyggbridd the Trooper (level 4, -2/49 HPs)
             Began as an Ogre Berserker on July 17, 2023.
             Was a Believer of Trog.
             Slain by a kobold brigand
             ... wielding a +0 whip
              (9 damage)
             ... in a sewer.
             The game lasted 00:03:27 (2075 turns).

Gyggbridd the Trooper (Ogre Berserker)              Turns: 2075, Time: 00:03:27

Health: -2/49      AC:  3    Str: 23    XL:     4   Next: 65%
Magic:  4/4        EV: 10    Int:  8    God:    Trog [**....]
Gold:   181        SH:  0    Dex:  8    Spells: 3/3 levels left

rFire   . . .        o - +3 spear
rCold   . . .        (no shield)
rNeg    . . .        b - +0 animal skin
rPois   .            (helmet restricted)
rElec   .            (no cloak)
rCorr   .            (gloves unavailable)
SInv    .            (boots unavailable)
Will    ++...        (no amulet)
Stlth   +            (no ring)
HPRegen 1.28/turn    (no ring)
MPRegen 0.09/turn

%: no passive effects
@: strong-willed (expiring), on berserk cooldown, regenerating (expiring)
A: large, unfitting armour, tough skin 1
a: Renounce Religion, Berserk, Trog's Hand


You were in a sewer.
You worshipped Trog.
Trog was pleased with you.
You visited 1 branch of the dungeon, and saw 3 of its levels.
You also visited: Sewer.

You collected 181 gold pieces.

Inventory:

Hand Weapons
 a - a +0 spear
 o - a +3 spear (weapon)
Armour
 b - a +0 animal skin (worn)
Jewellery
 n - an amulet of guardian spirit
Scrolls
 d - 5 scrolls of identify {unknown}
 e - a scroll of enchant armour {unknown}
 f - a scroll of noise {unknown}
 g - a scroll of enchant weapon {unknown}
 h - 2 scrolls of poison {unknown}
 i - a scroll of amnesia {unknown}
 k - a scroll of teleportation {unknown}
 m - 2 scrolls of blinking {unknown}
 p - a scroll of torment {unknown}
 t - a scroll of summoning {unknown}
Potions
 c - a potion of heal wounds {unknown}
 j - a potion of mutation {unknown}
 l - a potion of attraction {unknown}
 q - 2 potions of curing {unknown}
 r - a potion of haste {unknown}
 s - a potion of flight {unknown}


   Skills:
 + Level 4.9 Fighting
 + Level 3.6 Polearms
 + Level 3.8 Dodging


You had 3 spell levels left.
You didn't know any spells.
Your spell library was empty.

Dungeon Overview and Level Annotations

Branches:
Dungeon (3/15)              Sewer (1/1)

Altars:
Trog


Innate Abilities, Weirdness & Mutations

You are too large for most types of armour.
You have tough skin. (AC +1)


Message History

The kobold brigand is moderately wounded.
The kobold brigand hits you with a +0 whip.
The kobold brigand barely misses you.
You closely miss the kobold brigand. Your punch misses the kobold brigand.
The kobold brigand is moderately wounded.
The ball python closely misses you.
The kobold brigand hits you with a +0 whip.
The ball python closely misses you.
You hit the kobold brigand.
The kobold brigand is heavily wounded.
The ball python barely misses you.
The kobold brigand hits you with a +0 whip.
You hit the kobold brigand. Your punch misses the kobold brigand.
The kobold brigand is severely wounded.
The ball python bites you. The kobold brigand barely misses you.
The ball python barely misses you.
The kobold brigand hits you with a +0 whip.
You closely miss the kobold brigand.
The kobold brigand is severely wounded.
The ball python bites you.
The kobold brigand hits you with a +0 whip!
The ball python bites you.
You closely miss the kobold brigand.
The kobold brigand is severely wounded.
You feel yourself speed up.
The kobold brigand hits you with a +0 whip!
* * * LOW HITPOINT WARNING * * *
The ball python barely misses you.
Okay, then.
You closely miss the kobold brigand.
The kobold brigand is severely wounded.
You feel the effects of Trog's Hand fading.
The ball python bites you but does no damage.
The kobold brigand hits you with a +0 whip!
* * * LOW HITPOINT WARNING * * *
You barely miss the kobold brigand.
The kobold brigand is severely wounded.
The ball python closely misses you.
The kobold brigand hits you with a +0 whip!
You die...

#PP.~~..~.P....≈≈≈##
#P~..~~...#÷#...≈≈≈≈
#......~..#~#.∩.≈≈≈#
######...##~#.∩.≈≈≈≈
#~~~~~~~###~#....≈≈≈
######~.# #~#..#####
#~~~~~~## #~#..~~~~~
#~...~.# #~##.#####
#.####K@...#
#~##...≈≈≈
~~~~~~S.~~##
#~###..≈≈≈
######P.~## ###
###### .~~~.~~
..~.~.~###
~~~..~~...
P.~....~.~#
PP.~~.~..~#
P~P...~.~..


You could see a kobold brigand and a ball python.

Vanquished Creatures
  2 adders (D:2)
  2 river rats (Sewer)
  A worm (D:3)
  2 dart slugs
  8 bats
  3 endoplasms
  A giant cockroach (D:1)
  6 goblins
  3 hobgoblins
  3 jackals (D:1)
  10 kobolds
  4 ball pythons
  2 frilled lizards
  4 rats
51 creatures vanquished.

Vanquished Creatures (others)
  8 plants (Sewer)
8 creatures vanquished.

Grand Total: 59 creatures vanquished

Notes
Turn   | Place    | Note
-------+----------+-------------------------------------------
     0 | D:1      | Gyggbridd the Ogre Berserker began the quest for the Orb.
     0 | D:1      | Reached XP level 1. HP: 24/24 MP: 1/1
   175 | D:1      | Reached XP level 2. HP: 27/32 MP: 2/2
   627 | D:1      | Reached XP level 3. HP: 39/40 MP: 3/3
   812 | D:2      | Reached ** piety under Trog
  1205 | D:2      | Reached XP level 4. HP: 23/49 MP: 4/4
  1579 | D:3      | Found a bloodstained altar of Trog.
  1604 | D:3      | Found a glowing drain.
  1623 | Sewer    | Entered a sewer
  2060 | Sewer    | Noticed a kobold brigand
  2075 | Sewer    | Slain by a kobold brigand

Illustrated notes

Levels and vault maps discovered:
D:1:      roderic_octagonal_star, layout_rooms
D:2:      layout_basic, minmay_pentomino_o2
D:3:      layout_rooms, mainiacjoe_overflow_concentric_impassable,
          cheibrodos_ashenzari_chains, cheibrodos_sewer_entry_bend,
          minivault_27, minmay_liquid_box, uniq_grinder, uniq_sigmund
Sewer:    sewer_co_scattered_pipes

Skill      XL: |  1  2 |
---------------+-------+-----
Dodging        | 3 |  3.8
Fighting       | |  4.9
Polearms       | |  3.6

Action                     |  1- 3 |  4- 6 || total
---------------------------+-------+-------++-------
  Melee: Spear             |   128 |    74 ||   202
 Invoke: Berserk           |     1 |     2 ||     3
         Trog's Hand       |       |     1 ||     1
 Armour: Animal skin       |    95 |     6 ||   101
  Dodge: Dodged            |   155 |    26 ||   181
